NWL (28 & UNDER)
BISMARCK BARONS @ SAN DIEGO SMASHERS
04/10/2028
 
TOP OF THE 1ST
Bismarck Barons batting - Pitching for San Diego Smashers : RHP Roberto Carrillo
Pitching: RHP Roberto Carrillo
Batting: RHB Dennis Garner 0-0: Called Strike
0-1: Fly out, F9 (Flyball, 9)
Batting: LHB José Martínez 0-0: Foul Ball, location: 2F
0-1: Foul Ball, location: 2F
0-2: Foul Ball, location: 2F
0-2: Foul Ball, location: 2F
0-2: Ball
1-2: Strikes out swinging
Batting: SHB Manuel Hegnauer 0-0: Ball
1-0: Ground out 4-3 (Groundball, 4)
Top of the 1st over - 0 run(s), 0 hit(s), 0 error(s), 0 left on base; Bismarck 0 - San Diego 0
BOTTOM OF THE 1ST
San Diego Smashers batting - Pitching for Bismarck Barons : RHP Francisco Anaya
Pitching: RHP Francisco Anaya
Batting: LHB Michael Myers 0-0: Foul Ball, location: 2F
0-1: Ball
1-1: Foul Ball, location: 2F
1-2: Foul Ball, location: 2F
1-2: Foul Ball, location: 2F
1-2: Strikes out swinging
Batting: RHB Ray Rogers 0-0: Ball
1-0: Foul Ball, location: 2F
1-1: Ball
2-1: Foul Ball, location: 2F
2-2: Foul Ball, location: 2F
2-2: Foul Ball, location: 2F
2-2: Ball
3-2: Foul Ball, location: 2F
3-2: Base on Balls
Batting: RHB John Nelson 0-0: Ball
1-0: Foul Ball, location: 2F
1-1: Ball
2-1: Swinging Strike
2-2: Ball
3-2: Strikes out swinging
Batting: LHB Richard Brooks 0-0: Ball
1-0: Fly out, F7 (Flyball, 7)
Bottom of the 1st over - 0 run(s), 0 hit(s), 0 error(s), 1 left on base; Bismarck 0 - San Diego 0
TOP OF THE 2ND
Bismarck Barons batting - Pitching for San Diego Smashers : RHP Roberto Carrillo
Batting: LHB Johnny Foley 0-0: Called Strike
0-1: Called Strike
0-2: Ball
1-2: Foul Ball, location: 2F
1-2: Strikes out swinging
Batting: LHB Ralph Jackson 0-0: Called Strike
0-1: Foul Ball, location: 2F
0-2: Foul Ball, location: 2F
0-2: Ball
1-2: Ground out 4-3 (Groundball, 4)
Batting: RHB Jon Krohne 0-0: Ball
1-0: Ball
2-0: Foul Ball, location: 2F
2-1: Swinging Strike
2-2: Fly out, F9 (Line Drive, 89M)
Top of the 2nd over - 0 run(s), 0 hit(s), 0 error(s), 0 left on base; Bismarck 0 - San Diego 0
BOTTOM OF THE 2ND
San Diego Smashers batting - Pitching for Bismarck Barons : RHP Francisco Anaya
Batting: RHB Javier González 0-0: Fly out, F8 (Flyball, 8RD)
Batting: RHB Manny Torrez 0-0: Ball
1-0: Ball
2-0: Called Strike
2-1: SINGLE (Groundball, 6MD)
Batting: SHB Michael Aisher 0-0: Ball
1-0: Called Strike
1-1: Ball
2-1: Swinging Strike
2-2: Fly out, F7 (Flyball, 7)
Batting: LHB Gonzalo Benítez 0-0: Ball
Manny Torrez is caught stealing 2nd base
Bottom of the 2nd over - 0 run(s), 1 hit(s), 0 error(s), 0 left on base; Bismarck 0 - San Diego 0
TOP OF THE 3RD
Bismarck Barons batting - Pitching for San Diego Smashers : RHP Roberto Carrillo
Batting: RHB Mark Roy 0-0: Ball
1-0: Ball
2-0: Called Strike
2-1: Swinging Strike
2-2: Foul Ball, location: 2F
2-2: Foul Ball, location: 2F
2-2: Strikes out swinging
Batting: RHB Felipe Domínguez 0-0: Called Strike
0-1: Swinging Strike
0-2: Ball
1-2: Foul Ball, location: 2F
1-2: Foul Ball, location: 2F
1-2: Strikes out swinging
Batting: RHB Pancho Torres 0-0: Swinging Strike
0-1: Foul Ball, location: 2F
0-2: Foul Ball, location: 2F
0-2: Strikes out looking
Top of the 3rd over - 0 run(s), 0 hit(s), 0 error(s), 0 left on base; Bismarck 0 - San Diego 0
BOTTOM OF THE 3RD
San Diego Smashers batting - Pitching for Bismarck Barons : RHP Francisco Anaya
Batting: LHB Gonzalo Benítez 0-0: SINGLE (Line Drive, 6D)
Batting: RHB José Oliveira 0-0: Called Strike
0-1: Ball
1-1: Ball
2-1: DOUBLE (Flyball, 8LXD)
Gonzalo Benítez to third
Batting: LHB Michael Myers 0-0: Called Strike
0-1: Ball
1-1: Swinging Strike
1-2: Ball
2-2: Foul Ball, location: 2F
2-2: Strikes out swinging
Batting: RHB Ray Rogers 0-0: Called Strike
0-1: Swinging Strike
0-2: Ball
1-2: Strikes out looking
Batting: RHB John Nelson 0-0: Ball
1-0: Ball
2-0: Foul Ball, location: 2F
2-1: Foul Ball, location: 2F
2-2: Fly out, F8 (Flyball, 8RM)
Bottom of the 3rd over - 0 run(s), 2 hit(s), 0 error(s), 2 left on base; Bismarck 0 - San Diego 0
TOP OF THE 4TH
Bismarck Barons batting - Pitching for San Diego Smashers : RHP Roberto Carrillo
Batting: RHB Dennis Garner 0-0: Ball
1-0: Called Strike
1-1: Swinging Strike
1-2: Ball
2-2: Ball
3-2: Strikes out swinging
Batting: LHB José Martínez 0-0: Ball
1-0: Swinging Strike
1-1: Foul Ball, location: 2F
1-2: Fly out, F8 (Line Drive, 8RD)
Batting: SHB Manuel Hegnauer 0-0: Ball
1-0: Ball
2-0: Swinging Strike
2-1: Ball
3-1: Base on Balls
Batting: LHB Johnny Foley 0-0: Foul Ball, location: 2F
0-1: Ball
1-1: Called Strike
1-2: DOUBLE (Line Drive, 9LM)
Manuel Hegnauer to third
Runner from 3rd tries for Home, SAFE, no throw
Batting: LHB Ralph Jackson 0-0: Called Strike
0-1: Swinging Strike
0-2: Ball
1-2: Foul Ball, location: 2F
1-2: Foul Ball, location: 2F
1-2: Strikes out swinging
Top of the 4th over - 1 run(s), 1 hit(s), 0 error(s), 1 left on base; Bismarck 1 - San Diego 0
BOTTOM OF THE 4TH
San Diego Smashers batting - Pitching for Bismarck Barons : RHP Francisco Anaya
Batting: LHB Richard Brooks 0-0: Ball
1-0: Fly out, F8 (Flyball, 8LM)
Batting: RHB Javier González 0-0: Called Strike
0-1: Ground out 6-3 (Groundball, 6M)
Batting: RHB Manny Torrez 0-0: Called Strike
0-1: Ball
1-1: Ball
2-1: Ball
3-1: DOUBLE (Flyball, 8RXD)
Batting: SHB Michael Aisher 0-0: Called Strike
0-1: Ball
1-1: Foul Ball, location: 2F
1-2: Ball
2-2: Strikes out looking
Bottom of the 4th over - 0 run(s), 1 hit(s), 0 error(s), 1 left on base; Bismarck 1 - San Diego 0
TOP OF THE 5TH
Bismarck Barons batting - Pitching for San Diego Smashers : RHP Roberto Carrillo
Batting: RHB Jon Krohne 0-0: Ball
1-0: Fly out, F6 (Popup, 56)
Batting: RHB Mark Roy 0-0: Ball
1-0: Called Strike
1-1: Called Strike
1-2: Ball
2-2: Strikes out swinging
Batting: RHB Felipe Domínguez 0-0: Ball
1-0: Called Strike
1-1: Foul Ball, location: 2F
1-2: Foul Ball, location: 2F
1-2: Strikes out swinging
Top of the 5th over - 0 run(s), 0 hit(s), 0 error(s), 0 left on base; Bismarck 1 - San Diego 0
BOTTOM OF THE 5TH
San Diego Smashers batting - Pitching for Bismarck Barons : RHP Francisco Anaya
Batting: LHB Gonzalo Benítez 0-0: Swinging Strike
0-1: Ground out U3 (Groundball, 34)
Batting: RHB José Oliveira 0-0: Ball
1-0: Called Strike
1-1: Ball
2-1: DOUBLE (Line Drive, 7LD) - OUT at third base trying to stretch hit.
Batting: LHB Michael Myers 0-0: Ball
1-0: Called Strike
1-1: Ground out 4-3 (Groundball, 34)
Bottom of the 5th over - 0 run(s), 1 hit(s), 0 error(s), 0 left on base; Bismarck 1 - San Diego 0
TOP OF THE 6TH
Bismarck Barons batting - Pitching for San Diego Smashers : RHP Roberto Carrillo
Batting: RHB Pancho Torres 0-0: Ball
1-0: Ball
2-0: SINGLE (Groundball, 34S) (infield hit)
Batting: RHB Dennis Garner 0-0: Ball
1-0: Ball
Pancho Torres is caught stealing 2nd base
2-0: Called Strike
2-1: TRIPLE (Flyball, 8LD)
Batting: LHB José Martínez 0-0: Ball
1-0: Ball
2-0: Foul Ball, location: 2F
2-1: Foul Ball, location: 2F
2-2: Ball
3-2: SINGLE (Groundball, 34D)
Dennis Garner scores
Batting: SHB Manuel Hegnauer 0-0: Ball
1-0: Ball
2-0: Swinging Strike
2-1: Ball
3-1: Base on Balls
José Martínez to second
Pitching: RHP Guillermo Martínez
Batting: LHB Johnny Foley 0-0: Fielders Choice at 2nd, 3-6 (Groundball, 3)
José Martínez to third
Batting: LHB Ralph Jackson 0-0: Ball
1-0: Foul Ball, location: 2F
1-1: Swinging Strike
1-2: Strikes out swinging
Top of the 6th over - 1 run(s), 3 hit(s), 0 error(s), 2 left on base; Bismarck 2 - San Diego 0
BOTTOM OF THE 6TH
San Diego Smashers batting - Pitching for Bismarck Barons : RHP Francisco Anaya
Pitching: RHP Tim Horton
Batting: RHB Ray Rogers 0-0: Ball
1-0: Foul Ball, location: 2F
1-1: Foul Ball, location: 2F
1-2: Ball
2-2: Foul Ball, location: 2F
2-2: Strikes out looking
Batting: RHB John Nelson 0-0: SINGLE (Groundball, 4MD)
Batting: LHB Richard Brooks 0-0: Swinging Strike
0-1: Ground out U3 (Groundball, 3)
John Nelson to second
Batting: RHB Javier González 0-0: Ball
1-0: Foul Ball, location: 2F
1-1: SINGLE (Groundball, 56D)
John Nelson to third
Runner from 3rd tries for Home, SAFE, no throw
Batting: RHB Manny Torrez 0-0: Ball
1-0: Called Strike
1-1: Foul Ball, location: 2F
1-2: Ball
2-2: Ball
Javier González is caught stealing 2nd base
Bottom of the 6th over - 1 run(s), 2 hit(s), 0 error(s), 0 left on base; Bismarck 2 - San Diego 1
TOP OF THE 7TH
Bismarck Barons batting - Pitching for San Diego Smashers : RHP Guillermo Martínez
Batting: RHB Jon Krohne 0-0: Foul Ball, location: 2F
0-1: Ball
1-1: Ground out 1-3 (Groundball, 13)
Batting: RHB Mark Roy 0-0: Foul Ball, location: 2F
0-1: Foul Ball, location: 2F
0-2: Ball
1-2: Strikes out looking
Batting: RHB Felipe Domínguez 0-0: Ball
1-0: Ball
2-0: Called Strike
2-1: Ball
3-1: Called Strike
3-2: Base on Balls
Pinch Hitting: RHB Fernando Castellanos 0-0: Foul Ball, location: 2F
0-1: Ball
1-1: Foul Ball, location: 2F
1-2: Ball
2-2: Ball
3-2: Foul Ball, location: 2F
3-2: Fly out, F7 (Flyball, 78S)
Top of the 7th over - 0 run(s), 0 hit(s), 0 error(s), 1 left on base; Bismarck 2 - San Diego 1
BOTTOM OF THE 7TH
San Diego Smashers batting - Pitching for Bismarck Barons : RHP Tim Horton
Now at 2B: Álex Hernández
Batting: RHB Manny Torrez 0-0: Swinging Strike
0-1: Ball
1-1: Ball
2-1: Ball
3-1: Fly out, F4 (Popup, 34D)
Batting: SHB Michael Aisher 0-0: Ball
1-0: Ball
2-0: Ball
3-0: Swinging Strike
3-1: Called Strike
3-2: Strikes out swinging
Batting: LHB Gonzalo Benítez 0-0: Ball
1-0: Ball
2-0: Fly out, F7 (Flyball, 78M)
Bottom of the 7th over - 0 run(s), 0 hit(s), 0 error(s), 0 left on base; Bismarck 2 - San Diego 1
TOP OF THE 8TH
Bismarck Barons batting - Pitching for San Diego Smashers : RHP Guillermo Martínez
Batting: RHB Dennis Garner 0-0: Ball
1-0: Called Strike
1-1: Single, Error in OF, E8, batter to second base
Pitching: LHP Mike Stevens
Batting: LHB José Martínez 0-0: Called Strike
0-1: Ball
1-1: Ball
2-1: Sac Bunt - play at first, batter OUT! 1-3
Dennis Garner to third
Pinch Hitting: RHB Seiji Kouno 0-0: Intentional Walk
Pinch Hitting: RHB Félix Trevino 0-0: Ball
1-0: Called Strike
1-1: Swinging Strike
1-2: Foul Ball, location: 2F
1-2: Ball
2-2: Ball
3-2: Foul Ball, location: 2F
3-2: Grounds into double play, 4-6-3 (Groundball, 4M)
Top of the 8th over - 0 run(s), 1 hit(s), 1 error(s), 1 left on base; Bismarck 2 - San Diego 1
BOTTOM OF THE 8TH
San Diego Smashers batting - Pitching for Bismarck Barons : RHP Tim Horton
Pitching: RHP Wilson Molina
Now at 1B: Seiji Kouno
Now in RF: Jesús Bueno
Batting: RHB José Oliveira 0-0: Ground out 6-3 (Groundball, 6)
Batting: LHB Michael Myers 0-0: Called Strike
0-1: Ball
1-1: Foul Ball, location: 2F
1-2: Ground out 6-3 (Groundball, 6)
Batting: RHB Ray Rogers 0-0: Foul Ball, location: 2F
0-1: Ball
1-1: Fly out, F3 (Popup, 3L)
Bottom of the 8th over - 0 run(s), 0 hit(s), 0 error(s), 0 left on base; Bismarck 2 - San Diego 1
TOP OF THE 9TH
Bismarck Barons batting - Pitching for San Diego Smashers : LHP Mike Stevens
Pitching: RHP Rick Hernández
Batting: LHB Ralph Jackson 0-0: Ball
1-0: Ball
2-0: Ball
3-0: Base on Balls
Batting: RHB Jon Krohne 0-0: Ball
1-0: Ball
2-0: Ball
3-0: Base on Balls
Ralph Jackson to second
Batting: RHB Mark Roy 0-0: Ball
1-0: Foul Ball, location: 2F
1-1: Ball
2-1: Called Strike
2-2: Strikes out swinging
Pinch Hitting: LHB Jorge Fernández 0-0: Ball
1-0: Fly out, F7 (Flyball, 7LM)
Batting: SHB Álex Hernández 0-0: Ground out 4-3 (Groundball, 4M)
Top of the 9th over - 0 run(s), 0 hit(s), 0 error(s), 2 left on base; Bismarck 2 - San Diego 1
BOTTOM OF THE 9TH
San Diego Smashers batting - Pitching for Bismarck Barons : RHP Wilson Molina
Pitching: RHP Neil Birss
Now in CF: Manny Salazar
Batting: RHB John Nelson 0-0: Swinging Strike
0-1: Ball
1-1: Swinging Strike
1-2: Foul Ball, location: 2F
1-2: Foul Ball, location: 2F
1-2: Strikes out swinging
Batting: LHB Richard Brooks 0-0: Swinging Strike
0-1: Swinging Strike
0-2: Fly out, F7 (Flyball, 7D)
Pinch Hitting: LHB John White 0-0: Ball
1-0: SINGLE (Flyball, 8LS)
Pinch Runner at 1st Joe Baker:
Pinch Hitting: RHB Fred Ameris 0-0: Ball
1-0: SINGLE (Groundball, 6MD)
Joe Baker to second
Runner from 2nd tries for 3rd, SAFE, throw made to third
Fred Ameris to second
Pinch Hitting: LHB Jaime Icaza 0-0: Called Strike
0-1: Foul Ball, location: 2F
0-2: Strikes out swinging
Bottom of the 9th over - 0 run(s), 2 hit(s), 0 error(s), 2 left on base; Bismarck 2 - San Diego 1
Tuesday, August 8th, 2017 - OOTP Baseball 17.12 Build 75